 Dungeon Crawl Stone Soup version 0.31-a0-983-g7b6862f502 (webtiles) character file.

Game seed: 4654591489443176883

748 timneilson the Ruffian (level 7, 0/47 HPs)
             Began as an Octopode Shapeshifter on Nov 2, 2023.
             Succumbed to a water moccasin's poison
             ... on level 5 of the Dungeon.
             The game lasted 00:07:27 (3627 turns).

timneilson the Ruffian (Octopode Shapeshifter)      Turns: 3627, Time: 00:07:28

Health: 0/47       AC:  1    Str: 16    XL:     7   Next: 77%
Magic:  10/10      EV: 19    Int: 12    God:
Gold:   257        SH:  0    Dex: 11    Spells: 10/10 levels left

rFire   . .          .
                       - Unarmed
rCold   + . .        (no shield)
rNeg    . . .        (helmet currently unavailable)
rPois   .            (no amulet)
rElec   .            e - ring of protection from cold
rCorr   .            m - +5 ring of evasion
SInv    .            (no ring)
Will    .....        (no ring)
Stlth   +++          (no ring)
HPRegen 0.27/turn    (no ring)
MPRegen 0.12/turn    (no ring)
                     (no ring)

%: no passive effects
@: lethally poisoned (0 -> -12), beast-form
A: beast (slay +2), almost no armour, amphibious, 8 rings, camouflage 1,
gelatinous body 1, (nimble swimmer 1), tentacles
a: Begin Untransformation


You were on level 5 of the Dungeon.
You were a hulking beast.
You visited 1 branch of the dungeon, and saw 5 of its levels.

You collected 257 gold pieces.

Inventory:

Jewellery
 e - a ring of protection from cold (left tentacle)
 m - a +5 ring of evasion (right tentacle)
Talismans
 b - a beast talisman
 c - a flux talisman
Scrolls
 f - 2 scrolls of enchant armour
 g - 2 scrolls of identify
 i - 2 scrolls of immolation
 n - a scroll of amnesia
Potions
 a - a potion of lignification
 d - a potion of attraction
 j - a potion of brilliance
 k - 2 potions of heal wounds
 l - a potion of ambrosia
 o - a potion of invisibility


   Skills:
 * Level 3.7 Fighting
 * Level 4.2 Dodging
 + Level 3.5 Stealth
 * Level 4.7 Unarmed Combat
 + Level 2.0 Spellcasting
 * Level 4.4 Shapeshifting


You had 10 spell levels left.
You didn't know any spells.
Your spell library contained the following spells:

 Spells                   Type           Power      Damage    Failure   Level
 Sandblast                Erth           2%         2d4       26%         1
 Passwall                 Tmut/Erth      0%         N/A       38%         2
 Stone Arrow              Conj/Erth      2%         3d7       63%         3
 Brom's Barrelling Bould  Conj/Erth      1%         2d3       95%         4


Dungeon Overview and Level Annotations

Branches:
Dungeon (5/15)
 Temple: D:4-7

Altars:
Elyvilon
Okawaru
Qazlal
Zin

Annotations:
D:3 Natasha
D:5 3 runed translucent doors, Stellion's ghost, novice KoBr


Innate Abilities, Weirdness & Mutations

You are a hulking beast.
Your limbs bulge with bestial killing power. (Slay +2)
You cannot wear most types of armour.
You are amphibious.
You can wear up to eight rings at the same time.
Your skin changes colour to match your surroundings (Stealth+).
Your rubbery body absorbs attacks. (AC +1, EV +1)
((You are camouflaged when in or above water. (Stealth+)))
You have tentacles for arms and can constrict up to eight enemies at once.


Message History

You lose your grip on something.
Found a rapier, a coppery potion and 9 gold pieces.
Unknown command.
Found a stone staircase leading down.
A hound comes into view.
A water moccasin comes into view.
The iguana attacks as it pursues you! The iguana completely misses you.
The water moccasin hisses angrily.
You tentacle-slap the iguana.
Your attack snaps the iguana out of its fear.
You grab the iguana.
The iguana is moderately wounded.
You constrict the iguana, but do no damage.
The iguana bites you!
* * * LOW HITPOINT WARNING * * *
You bludgeon the iguana!
The iguana is heavily wounded.
You constrict the iguana. The iguana barely misses you.
An orc comes into view. It is wielding a +0 mace.
You tentacle-slap the iguana.
The iguana is almost dead.
You constrict the iguana.
You kill the iguana!
You tentacle-slap the water moccasin. Your grab misses the water moccasin.
The water moccasin is lightly wounded.
A hound comes into view.
The water moccasin closely misses you.
The hound barks!
You tentacle-slap the water moccasin. Your grab misses the water moccasin.
The water moccasin is lightly wounded.
A gnoll sergeant comes into view. It is wielding a +2 trident of venom.
The water moccasin closely misses you.
You closely miss the water moccasin. Your grab misses the water moccasin.
Your squeeze misses the water moccasin.
The water moccasin is lightly wounded.
The water moccasin bites you!
* * * LOW HITPOINT WARNING * * *
You are lethally poisoned!
The water moccasin poisons you!
You die...

#.## #.# #of#
#..## #.# #s..#
#...### #....#
.o.... .lo..5#
#..g# ###....#
#h.# #.# ##...#
#S# #h# ##..# #.#
##.## #h# ##...##
#.####.....####.
#...............
#..............)
#.##.........#
#!........P.....
#..##.P....P..$.
#.. #...........
....##.......P...


You could see a water moccasin, a hound and an orc.

Vanquished Creatures
  A phantom (D:4)
  2 water moccasin zombies (D:4)
  A scorpion (D:3)
  A water moccasin skeleton (D:4)
  A centaur zombie (D:4)
  An iguana (D:5)
  3 scorpion zombies (D:4)
  An orc wizard (D:4)
  Natasha (D:3)
  4 hound zombies (D:4)
  2 hound skeletons (D:4)
  Robin (D:2)
  A howler monkey skeleton (D:4)
  7 adders
  2 adder zombies (D:4)
  An adder skeleton (D:4)
  A worm (D:2)
  9 orcs
  9 ball pythons
  11 endoplasms
  A giant cockroach (D:2)
  10 hobgoblins
  6 jackals
  A quokka (D:1)
  4 bats
  2 frilled lizards (D:2)
  8 goblins
  5 kobolds
  A quokka zombie (D:4)
  6 rats
104 creatures vanquished.

Vanquished Creatures (others)
  A butterfly (D:4)
1 creature vanquished.

Grand Total: 105 creatures vanquished

Notes
Turn   | Place    | Note
-------+----------+-------------------------------------------
     0 | D:1      | timneilson the Octopode Shapeshifter began the quest for
                  | the Orb.
     0 | D:1      | Reached XP level 1. HP: 13/13 MP: 1/1
   167 | D:1      | Reached XP level 2. HP: 10/18 MP: 2/2
   212 | D:1      | Found a faded altar of an unknown god.
   710 | D:2      | Reached skill level 1 in Stealth
   711 | D:2      | Noticed Robin
   712 | D:2      | Reached XP level 3. HP: 20/23 MP: 3/3
   810 | D:2      | Killed Robin
   928 | D:2      | Reached XP level 4. HP: 29/29 MP: 4/4
  1650 | D:3      | Noticed a scorpion
  1664 | D:3      | Killed a scorpion
  1665 | D:3      | Reached skill level 1 in Spellcasting
  1665 | D:3      | Reached XP level 5. HP: 17/35 MP: 6/6
  2112 | D:3      | Noticed Natasha
  2116 | D:3      | Killed Natasha
  2449 | D:3      | Noticed Natasha
  2526 | D:3      | Found a stormy altar of Qazlal.
  2610 | D:4      | Found a glowing silver altar of Zin.
  2690 | D:4      | Found an iron altar of Okawaru.
  2702 | D:4      | Noticed a phantom
  2716 | D:4      | Reached XP level 6. HP: 33/41 MP: 7/7
  2824 | D:4      | Identified the +2 hand axe of Nudwyab {vamp, rC+}
  2867 | D:4      | Reached XP level 7. HP: 31/46 MP: 9/9
  3156 | D:4      | Found a white marble altar of Elyvilon.
  3552 | D:5      | Entered Level 5 of the Dungeon
  3555 | D:5      | Found a runed translucent gate.
  3556 | D:5      | Found a runed translucent gate.
  3558 | D:5      | Found a runed translucent gate.
  3559 | D:5      | Noticed Stellion's ghost (novice KoBr)
  3582 | D:5      | Noticed a steam dragon
  3627 | D:5      | Succumbed to a water moccasin's poison

Illustrated notes

Levels and vault maps discovered:
D:1:      scummos_arrival_checkerplants, layout_basic,
          hellmonk_ecumenical_altar_dog_temple
D:2:      kb_forest_paths, layout_basic, minmay_tetromino_l2, uniq_robin
D:3:      layout_basic, mainiacjoe_overflow_chevrons, uniq_natasha
D:4:      cheibrodos_old_hovel, layout_gridville, okawaru_ov_weapons_minmay,
          nicolae_elyvilon_peaceful_grove, mainiacjoe_overflow_paths,
          serial_undead, serial_undead_a, serial_undead_c, serial_undead_d,
          serial_undead_e, serial_undead_f, serial_undead_e, serial_undead_f
D:5:      cheibrodos_barr_body, layout_basic, gammafunk_ghost_nasty_kobolds,
          serial_shops, nicolae_shop_rolling_square, shop, nicolae_grassy_gnolls

Skill      XL: |  1  2  3  4  5  6  7 |
---------------+----------------------+-----
Stealth        | 1 2 3 |  3.5
Fighting       | 2 3 |  3.7
Spellcasting   | 1 2 |  2.0
Dodging        | 3 4 |  4.2
Unarmed Combat | 4 |  4.7
Shapeshifting  | 4 |  4.4

Action                     |  1- 3 |  4- 6 |  7- 9 || total
---------------------------+-------+-------+-------++-------
  Melee: Unarmed           |    62 |   105 |    70 ||   237
         Constrict         |    16 |    26 |    19 ||    61
         Tentacles         |    12 |    28 |    23 ||    63
         Punch             |     1 |     3 |     2 ||     6
    Use: Scroll            |     5 |     7 |     4 ||    16
   Stab: Sleeping          |     3 |    10 |     3 ||    16
 Armour: Skin              |    32 |    38 |    30 ||   100
  Dodge: Dodged            |    50 |    50 |    62 ||   162

Table legend: (Time is in decaauts)
 A = Elapsed time spent in this place.
 B = Non-inter-level travel time spent in this place.
 C = Inter-level travel time spent in this place.
 D = Time resting spent in this place.
 E = Time spent auto-exploring this place.
 F = Levels seen in this place.
 G = Mean time per level.
                   A        B        C        D        E       F      G
               +--------+--------+--------+--------+--------+-----+--------+
         Total |   3608 |   3500 |    108 |    316 |   2366 |   5 |  721.6 |
       Dungeon |   3608 |   3500 |    108 |    316 |   2366 |   5 |  721.6 |
               +--------+--------+--------+--------+--------+-----+--------+

Top non-repeatable levels by time:
     D:3: 990 daAuts
     D:4: 946 daAuts
     D:2: 901 daAuts
     D:1: 696 daAuts
     D:5: 73 daAuts
